 Dungeon Crawl Stone Soup version 0.29-a0-866-g0545e20025 (webtiles) character file.

Game seed: 11337456513416379878

354 Conn the Firebug (level 6, -2/37 HPs)
             Began as an Octopode Fire Elementalist on July 17, 2022.
             Slain by an iguana (12 damage)
             ... on level 5 of the Dungeon.
             The game lasted 00:06:33 (4298 turns).

Conn the Firebug (Octopode Fire Elementalist)       Turns: 4298, Time: 00:06:34

Health: -2/37      AC:  1    Str:  8    XL:     6   Next: 63%
Magic:  2/11       EV: 13    Int: 19    God:
Gold:   181        SH:  0    Dex: 12    Spells: 3/12 levels left

rFire   . . .      SeeInvis .   c - +0 dagger
rCold   . . .      Faith    .   (no shield)
rNeg    . . .      Spirit   .   (helmet restricted)
rPois   .          Reflect  .   p - amulet of the acrobat
rElec   .          Harm     .   e - ring of wizardry
rCorr   .          Rampage  .   (no ring)
Will    .....                   (no ring)
Stlth   ++++......              (no ring)
HPRegen 0.12/turn               (no ring)
MPRegen 0.12/turn               (no ring)
                                (no ring)
                                (no ring)

@: no status effects
A: almost no armour, amphibious, 8 rings, camouflage 1, gelatinous body 1,
(nimble swimmer 1), tentacles
a: no special abilities


You were on level 5 of the Dungeon.
You visited 1 branch of the dungeon, and saw 5 of its levels.

You collected 181 gold pieces.

Inventory:

Hand Weapons
 c - a +0 dagger (weapon)
Missiles
 m - 7 poisoned darts (quivered)
Armour
 f - a +0 buckler
Jewellery
 e - a ring of wizardry (left tentacle)
 p - an amulet of the acrobat (around mantle)
Scrolls
 b - 4 scrolls of fog
 k - 2 scrolls of immolation {unknown}
 l - a scroll of silence
 n - a scroll of blinking {unknown}
 o - a scroll of noise {unknown}
Potions
 a - 3 potions of magic
 d - a potion of ambrosia {unknown}
 g - a potion of cancellation
 h - 2 potions of lignification
 i - 4 potions of flight {unknown}
 j - 2 potions of brilliance {unknown}


   Skills:
 + Level 0.5 Fighting
 + Level 1.0 Short Blades
 + Level 2.9 Dodging
 + Level 4.5 Stealth
 + Level 3.6 Spellcasting
 + Level 1.9 Conjurations
 + Level 4.6 Fire Magic


You had 3 spell levels left.
You knew the following spells:

 Your Spells              Type           Power      Damage    Failure   Level
a - Foxfire               Conj/Fire      64%        2x1d7     1%          1
b - Conjure Flame         Conj/Fire      16%        6-21      4%          3
c - Inner Flame           Hex/Fire       12%        N/A       7%          3
e - Scorch                Fire           42%        2d7       1%          2

Your spell library contained the following spells:

 Spells                   Type           Power      Damage    Failure   Level
 Sandblast                Erth           6%         2d5       6%          1
 Passwall                 Tmut/Erth      2%         N/A       9%          2
 Stone Arrow              Conj/Erth      14%        3d7       12%         3
 Gell's Gravitas          Tloc           3%         N/A       17%         3
 Lesser Beckoning         Tloc           3%         N/A       17%         3
 Teleport Other           Tloc           3%         N/A       17%         3
 Flame Wave               Conj/Fire      16%        2d6       16%         4


Dungeon Overview and Level Annotations

Branches:
Dungeon (5/15)
 Temple: D:4-7

Altars:
Makhleb

Annotations:
D:5 Edmund


Innate Abilities, Weirdness & Mutations

You cannot wear most types of armour.
You are amphibious.
You can wear up to eight rings at the same time.
Your skin changes colour to match your surroundings (Stealth+).
Your rubbery body absorbs attacks. (AC +1, EV +1)
((You are camouflaged when in or above water. (Stealth+)))
You have tentacles for arms and can constrict up to eight enemies at once.


Message History

The hound attacks as you move away! The hound completely misses you.
Casting: Foxfire (safe; 1% risk of failure)
Confirm with . or Enter, or press ? or * to list all spells.
Aiming: Inner Flame (dangerous; 7% risk of failure)
Press: ? - help, Dir - move target, f - iguana
Aim: an iguana (moderately wounded, chance to affect: 72%)
The iguana is filled with an inner flame.
The hound bites you. x2
Unknown command.
Casting: Inner Flame (dangerous; 7% risk of failure)
Confirm with . or Enter, or press ? or * to list all spells.
Flames lash the hound.
The hound is almost dead.
The hound's fire resistance burns away.
The hound bites you.
Unknown command.
Casting: Scorch (safe; 1% risk of failure)
Confirm with . or Enter, or press ? or * to list all spells.
Flames lash the hound.
The hound is burned terribly!
You kill the hound!
The iguana attacks as you move away!
The iguana bites you but does no damage.
The iguana attacks as you move away! The iguana bites you!
The iguana attacks as you move away! The iguana completely misses you.
The iguana attacks as you move away! The iguana closely misses you.
The iguana attacks as you move away! The iguana completely misses you.
Casting: Scorch (safe; 1% risk of failure)
Confirm with . or Enter, or press ? or * to list all spells.
You conjure some foxfire!
The iguana bites you!
* * * LOW HITPOINT WARNING * * *
The foxfire hits the iguana.
Flame seeps out of the iguana.
The iguana is moderately wounded.
The foxfire hits the iguana.
Flame seeps out of the iguana.
The iguana is heavily wounded.
The iguana is engulfed in blazing flames.
Flame seeps out of the iguana.
Unknown command.
Casting: Foxfire (safe; 1% risk of failure)
Confirm with . or Enter, or press ? or * to list all spells.
You conjure some foxfire!
The iguana bites you!
You die...

#.#.#...........#
#.#v###.#
#.#.####.#....#.# #.#†.
#.#.####.#....#.# .....
#.#.#....#....#.#
......
#.#.#.........#.#
......
#.#.#....####.#.#
..####
#.#.'.........#.#
#.###....######v#######
#.# #....# #.@v§......
#.# #########.#l######
##.#########...#○#
#..............#O#
############.#.#.#
#......#.#.#
#......#.#.#
#......#.#.#..
#......#.#.#..


You could see an ogre and an iguana (inner flame, ally target).

Vanquished Creatures
  A scorpion (D:5)
  A howler monkey (D:5)
  2 hounds (D:5)
  Jessica (D:3)
  An orc wizard (D:3)
  5 adders
  A white imp (D:5)
  2 ufetubi (D:5)
  2 dart slugs
  9 orcs
  7 ball pythons
  3 endoplasms
  A giant cockroach (D:4)
  5 goblins
  6 hobgoblins
  10 jackals
  8 kobolds
  A quokka (D:2)
  2 bats
  8 frilled lizards (D:1)
  3 rats
79 creatures vanquished.

Vanquished Creatures (others)
  144 foxfires
  6 plants (D:1)
150 creatures vanquished.

Grand Total: 229 creatures vanquished

Notes
Turn   | Place    | Note
-------+----------+-------------------------------------------
     0 | D:1      | Conn the Octopode Fire Elementalist began the quest for the
                  | Orb.
     0 | D:1      | Reached XP level 1. HP: 11/11 MP: 3/3
   161 | D:1      | Reached XP level 2. HP: 17/17 MP: 0/5
   480 | D:1      | Reached XP level 3. HP: 21/21 MP: 6/6
   751 | D:1      | Found a faded altar of an unknown god.
  1023 | D:1      | Learned a level 2 spell: Scorch
  1027 | D:1      | Learned a level 3 spell: Conjure Flame
  1187 | D:2      | Reached XP level 4. HP: 27/27 MP: 4/8
  2414 | D:3      | Noticed Jessica
  2416 | D:3      | Killed Jessica
  2472 | D:3      | Reached XP level 5. HP: 20/31 MP: 2/9
  3234 | D:3      | Found a burning altar of Makhleb.
  3756 | D:5      | Entered Level 5 of the Dungeon
  3800 | D:5      | Learned a level 3 spell: Inner Flame
  3842 | D:5      | Noticed Edmund
  3934 | D:5      | Reached XP level 6. HP: 37/37 MP: 11/11
  4060 | D:5      | Reached skill level 1 in Short Blades
  4298 | D:5      | Slain by an iguana

Illustrated notes

Levels and vault maps discovered:
D:1:      minmay_arrival_stair_chambers, layout_loops_ring,
          dreamdust_ecumenical_altar_angels_and_demons, minmay_lizard_king
D:2:      layout_basic, grunt_decor_mini_mirrors, st_stairs_1,
          grunt_ministairs_13
D:3:      wad_pebble_path, layout_loops_ring, lightli_temple_of_fire,
          minivault_23, kennysheep_generic_room_10, uniq_jessica
D:4:      layout_cave_pools
D:5:      layout_basic, uniq_sigmund, uniq_edmund

Skill      XL: |  1  2  3  4  5  6 |
---------------+-------------------+-----
Stealth        | 3 4 |  4.5
Spellcasting   | 3 |  3.6
Fire Magic     | 4 |  4.6
Short Blades   | 1 |  1.0
Fighting       | |  0.5
Dodging        | |  2.9
Conjurations   | |  1.9

Action                   |  1- 3 |  4- 6 || total
-------------------------+-------+-------++-------
Melee: Dagger            |    31 |    41 ||    72
       Constrict         |     8 |    11 ||    19
       Tentacles         |     6 |    10 ||    16
       Punch             |       |     1 ||     1
 Cast: Foxfire           |    26 |    64 ||    90
       Scorch            |     1 |    11 ||    12
       Conjure Flame     |       |     1 ||     1
       Inner Flame       |       |     1 ||     1
  Use: Scroll            |       |     7 ||     7
 Stab: Sleeping          |     4 |     5 ||     9
       Fleeing           |       |     1 ||     1
Armor: Skin              |     1 |     1 ||     2
Dodge: Dodged            |    14 |    30 ||    44

Table legend: (Time is in decaauts)
 A = Elapsed time spent in this place.
 B = Non-inter-level travel time spent in this place.
 C = Inter-level travel time spent in this place.
 D = Time resting spent in this place.
 E = Time spent auto-exploring this place.
 F = Levels seen in this place.
 G = Mean time per level.
                   A        B        C        D        E       F      G
               +--------+--------+--------+--------+--------+-----+--------+
         Total |   4296 |   4175 |    121 |    161 |   3189 |   5 |  859.2 |
       Dungeon |   4296 |   4175 |    121 |    161 |   3189 |   5 |  859.2 |
               +--------+--------+--------+--------+--------+-----+--------+

Top non-repeatable levels by time:
     D:2: 1166 daAuts
     D:3: 1156 daAuts
     D:1: 985 daAuts
     D:5: 541 daAuts
     D:4: 447 daAuts
